 Dungeon Crawl Stone Soup version 0.30-a0-622-gddc90eaa04 (webtiles) character file.

Game seed: 3422785144584021098

97 MackTheKnife the Shooter (level 4, -2/41 HPs)
             Began as a Minotaur Hunter on Jan 10, 2023.
             Slain by a black bear (3 damage)
             ... on level 3 of the Dungeon.
             The game lasted 00:02:26 (1681 turns).

MackTheKnife the Shooter (Minotaur Hunter)          Turns: 1681, Time: 00:02:26

Health: -2/41      AC:  4    Str: 16    XL:     4   Next: 42%
Magic:  3/3        EV: 12    Int:  6    God:
Gold:   91         SH:  0    Dex: 15    Spells: 3/3 levels left

rFire   . . .      SeeInvis .    b - +2 dagger (venom) {short}
rCold   . . .      Faith    .    (no shield)
rNeg    . . .      Spirit   .    c - +0 leather armour
rPois   .          Reflect  .    (helmet restricted)
rElec   .          Harm     .    l - +0 cloak
rCorr   .          Rampage  .    (no gloves)
Will    .....                    (no boots)
Stlth   +                        (no amulet)
HPRegen 0.26/turn                (no ring)
MPRegen 0.08/turn                (no ring)

@: no status effects
A: horns 2, retaliatory headbutt
a: no special abilities


You were on level 3 of the Dungeon.
You visited 1 branch of the dungeon, and saw 3 of its levels.

You collected 91 gold pieces.


Innate Abilities, Weirdness & Mutations

You have a pair of horns on your head.
You reflexively headbutt those who attack you in melee.


   Skills:
 + Level 4.3 Fighting
 + Level 5.5 Ranged Weapons
 - Level 2.1 Dodging
 - Level 0.7 Stealth


You had 3 spell levels left.
You didn't know any spells.
Your spell library contained the following spells:

 Spells                   Type           Power      Damage    Failure   Level
 Freeze                   Ice            0%         1d3       52%         1
 Ensorcelled Hibernation  Hex/Ice        0%         N/A       67%         2
 Frozen Ramparts          Ice            0%         1d1       88%         3
 Hailstorm                Conj/Ice       0%         3d3       88%         3
 Spider Form              Tmut/Pois      0%         N/A       88%         3
 Anguish                  Hex/Necr       0%         N/A       99%         4

Inventory:

Hand Weapons
 a - a +0 shortbow {bow}
 b - a +2 dagger of venom (weapon) {short}
   (You found it on level 2 of the Dungeon)
Missiles
 g - 5 poisoned darts {throwing}
Armour
 c - a +0 leather armour (worn)
 j - a +0 leather armour
   (You took it off a hobgoblin on level 2 of the Dungeon)
 l - a +0 cloak (worn)
   (You found it on level 2 of the Dungeon)
 q - a +0 chain mail
   (You found it on level 2 of the Dungeon)
 s - a +0 chain mail
   (You took it off an orc on level 2 of the Dungeon)
Scrolls
 d - 2 scrolls of teleportation {unknown}
 e - a scroll of identify {unknown}
 i - a scroll of vulnerability {unknown}
 p - a scroll of fog {unknown}
 r - a scroll of enchant weapon {unknown}
 t - a scroll of immolation {!r!r}
Potions
 f - a potion of attraction {unknown}
 h - a potion of flight {unknown}
 k - a potion of mutation {unknown}
 m - a potion of lignification {unknown}
 n - a potion of heal wounds {unknown}
 o - a potion of might {unknown}
 u - 2 potions of cancellation {unknown}

Dungeon Overview and Level Annotations

Branches:
Dungeon (3/15) Zot: 16287

Altars:

Shops:
D:1

(
........#.##.....###.####
..........###......#....
........#........<.#..#
.......(#..##........####
#######.##.##...........#
#.##...........##.#
#.#########........ ..#
####.#...... .##
#.@..##..... . #h####
.#... .# #.. .. #S<# #
...# .).. .?.. $.##


You could see a black bear (berserk) and an adder.


Message History

You kill the worm!
No target in view!
No target in view!
Done exploring.
Done exploring.
Done exploring.
Done exploring.
No target in view!
Unknown command.
(D) Dungeon
Where to? (Enter - D:1 @ (x,y), ? - help)
What level of the Dungeon? (default 1, ? - help)
There is a stone staircase leading up here.
There is a stone staircase leading down here.
You climb downwards.
You hear the sound of rushing water.
There is an entrance to a sewer on this level.
Hurry and find it before the portal rusts away!
There is a stone staircase leading up here.
Unknown command.
Unknown command.
You shoot an arrow. The arrow hits the worm!
You shoot an arrow. The arrow barely misses the worm.
You shoot an arrow. The arrow hits the worm.
You shoot an arrow.
The arrow hits the worm but does no damage.
You shoot an arrow. The arrow hits the worm.
You shoot an arrow. The arrow hits the worm.
You kill the worm!
No target in view!
No target in view!
An adder comes into view.
An adder is nearby!
You shoot an arrow. The arrow hits the adder!
You kill the adder! 😎 HP[+1]
You now have 41 max hp (+1).
Your hp is fully restored (41).
No target in view!
No target in view!
No target in view!
A ball python comes into view.
You shoot an arrow. The arrow hits the ball python!
You kill the ball python!
No target in view!
No target in view!
No target in view!
You see here 7 stones {throwing}.
Key pressed, stopping explore.
A goblin and a hobgoblin come into view.
The goblin is wielding a +2 dagger of venom.
You shoot an arrow. The arrow hits the hobgoblin.
You kill the hobgoblin!
You hear an angry growl.
The goblin shouts!
The goblin unwields a +2 dagger of venom.
It stops dripping with poison.
The goblin wields a +0 sling.
The goblin shoots a sling bullet.
The sling bullet misses you.
A black bear comes into view.
You hear an angry hiss.
You shoot an arrow. The arrow hits the black bear!
You shoot an arrow. The arrow hits the goblin!
You kill the goblin!
No target in view!
No target in view!
No target in view!
Found 17 gold pieces.
Found a stone staircase leading up.
You shoot an arrow. The arrow hits the black bear.
The black bear bites you but does no damage.
The black bear claws you.
The black bear barely misses you. 😕 HP[-1]
You take 1 damage, and now have 40/41 hp.
You shoot an arrow. The arrow hits the black bear.
An adder comes into view.
The black bear goes berserk!
The black bear bites you.
The black bear claws you but does no damage.
The black bear closely misses you. 😕 HP[-4]
You take 4 damage, and now have 36/41 hp.
You shoot an arrow. The arrow hits the black bear.
The black bear barely misses you. The black bear claws you.
The black bear misses you. 😕 HP[-1]
You take 1 damage, and now have 35/41 hp.
Your +2 dagger of venom {short} begins to drip with poison!
b - a +2 dagger of venom (weapon)
{short} The black bear bites you.
The black bear claws you but does no damage.
The black bear claws you. 😮 HP[-6]
You take 6 damage, and now have 29/41 hp.
You hit the black bear but do no damage.
The black bear bites you!
* * * LOW HITPOINT WARNING * * *
The black bear claws you.
* * * LOW HITPOINT WARNING * * *
The black bear claws you.
* * * LOW HITPOINT WARNING * * *
The black bear bites you!
* * * LOW HITPOINT WARNING * * *
The black bear claws you.
You die...

Skill      XL: |  1  2  3 |
---------------+----------+-----
Fighting       | 3 4 |  4.3
Ranged Weapons | 5 |  5.5
Dodging        | |  2.1
Stealth        | |  0.7

Action                   |  1- 3 |  4- 6 || total
-------------------------+-------+-------++-------
Melee: Dagger            |       |     3 ||     3
       Headbutt          |       |     1 ||     1
 Fire: Shortbow          |    93 |    19 ||   112
Armor: Leather armour    |     9 |     4 ||    13
Dodge: Dodged            |    26 |     6 ||    32

Levels and vault maps discovered:
D:1:      enne_arrival_octagon_isle, layout_loops_ring, serial_shops,
          nicolae_shop_advertising_works [nicolae_subvault_shop_adworks],
          minmay_close_crescents
D:2:      layout_basic
D:3:      layout_rooms, portal_sewer_entry_e, minmay_misc_feat_x, uniq_robin

Notes
Turn   | Place    | Note
-------+----------+-------------------------------------------
     0 | D:1      | MackTheKnife the Minotaur Hunter began the quest for the
                  | Orb.
     0 | D:1      | Reached XP level 1. HP: 18/18 MP: 0/0
     0 | D:1      | magus.rc [v1.9.6]
   245 | D:1      | Found Zypamoewe's Antique Weapon Emporium.
   269 | D:1      | Reached XP level 2. HP: 25/25 MP: 1/1
   309 | D:1      | Reached skill level 3 in Fighting
   350 | D:1      | You fall into a shaft and drop 1 floor!
   540 | D:1      | You pick up a book of Dreams and begin reading...
   540 | D:1      | You add the spells Ensorcelled Hibernation, Spider Form and
                  | Anguish to your library.
   845 | D:2      | Reached skill level 5 in Ranged Weapons
   845 | D:2      | Reached XP level 3. HP: 31/31 MP: 2/2
   898 | D:2      | You pick up a book of Frost and begin reading...
   898 | D:2      | You add the spells Freeze, Frozen Ramparts and Hailstorm to
                  | your library.
  1253 | D:2      | Reached skill level 4 in Fighting
  1359 | D:2      | Reached XP level 4. HP: 40/40 MP: 3/3
  1673 | D:3      | Noticed a black bear
  1681 | D:3      | HP: 1/41 [black bear (12)]
  1681 | D:3      | Slain by a black bear

Vanquished Creatures
  4 adders
  2 worms
  4 dart slugs
  An orc (D:2)
  6 ball pythons
  6 endoplasms
  A giant cockroach (D:2)
  4 goblins
  5 hobgoblins
  A quokka (D:2)
  5 bats
  2 frilled lizards (D:2)
  3 kobolds (D:2)
  2 rats (D:1)
46 creatures vanquished.

Table legend:
 A = Non-vault XP
 B = Vault XP
 C = Vault XP percentage of total XP
 D = Non-vault monster count
 E = Vault monster count
 F = Vault count percentage of total count
                 A         B        C        D         E       F
            +---------+---------+-------+---------+---------+-------
      Total |     130 |       9 |   6.5 |      41 |       5 |  10.9
            +---------+---------+-------+---------+---------+-------
        D:1 |      26 |       9 |  25.7 |      12 |       5 |  29.4
        D:2 |      81 |       0 |   0.0 |      24 |       0 |   0.0
        D:3 |      23 |       0 |   0.0 |       5 |       0 |   0.0
            +---------+---------+-------+---------+---------+-------

Illustrated notes

Table legend:
 A = Kills in this place as a percentage of kills in entire the game.
 B = Kills by you in this place as a percentage of kills by you in the entire game.
 C = Kills by friends in this place as a percentage of kills by friends in the entire game.
 D = Other kills in this place as a percentage of other kills in the entire game.
 E = Experience gained in this place as a percentage of experience gained in the entire game.
 F = Experience gained in this place divided by the number of levels of this place that you have seen.
                   A       B       C       D       E      F
               +-------+-------+-------+-------+-------+----------------------
         Total | 100.0 | 100.0 |   N/A |   N/A | 100.0 |  46.3
       Dungeon | 100.0 | 100.0 |   N/A |   N/A | 100.0 |  46.3
               +-------+-------+-------+-------+-------+----------------------

Table legend: (Time is in decaauts)
 A = Elapsed time spent in this place.
 B = Non-inter-level travel time spent in this place.
 C = Inter-level travel time spent in this place.
 D = Time resting spent in this place.
 E = Time spent auto-exploring this place.
 F = Levels seen in this place.
 G = Mean time per level.
                   A        B        C        D        E       F      G
               +--------+--------+--------+--------+--------+-----+--------+
         Total |   1711 |   1646 |     65 |     67 |   1345 |   3 |  570.3 |
       Dungeon |   1711 |   1646 |     65 |     67 |   1345 |   3 |  570.3 |
               +--------+--------+--------+--------+--------+-----+--------+

Top non-repeatable levels by time:
     D:2: 954 daAuts
     D:1: 709 daAuts
     D:3: 47 daAuts
